 Dungeon Crawl Stone Soup version 0.24-a0-251-g44e327ef01 (webtiles) character file.

Game seed: 16829049060336003490

410 Redear the Ducker (level 6, -4/43 HPs)
             Began as an Octopode Fighter on Apr 16, 2019.
             Slain by a phantom (10 damage)
             ... on level 4 of the Dungeon.
             The game lasted 00:04:40 (2425 turns).

Redear the Ducker (Octopode Fighter)                Turns: 2425, Time: 00:04:40

Health: -4/43      AC:  1    Str: 12 (15) XL:     6   Next: 89%
Magic:  6/6        EV: 14    Int: 13 (16) God:
Gold:   100        SH:  0    Dex: 10 (13) Spells: 5/5 levels left

rFire    + . .     SeeInvis .   a - +0 long sword
rCold    . . .     Gourm    +   (no shield)
rNeg     . . .     Faith    .   (helmet restricted)
rPois    .         Spirit   .   p - amulet of the gourmand {Gourm}
rElec    .         Reflect  .   f - ring of protection from fire {rF+}
rCorr    .         Harm     .   (no ring)
MR       .....                  (no ring)
Stlth    +++.......             (no ring)
HPRegen  0.14/turn              (no ring)
MPRegen  0.10/turn              (no ring)
                                (no ring)
                                (no ring)

@: brilliant, starving
A: almost no armour, stealthy swim, amphibious, 8 rings, constrict 8, camouflage
1, gelatinous body 1
a: no special abilities


You were on level 4 of the Dungeon.
You were starving.

You visited 1 branch of the dungeon, and saw 4 of its levels.

You collected 100 gold pieces.

Inventory:

Hand Weapons
 a - a +0 long sword (weapon)
Missiles
 g - 37 sling bullets
 j - 61 bolts
 k - 19 arrows
 n - 147 stones (quivered)
Armour
 b - a +0 shield
Jewellery
 f - a ring of protection from fire (left tentacle) {rF+}
 p - an amulet of the gourmand (around mantle) {Gourm}
Scrolls
 e - 5 scrolls of identify {unknown}
 i - 3 scrolls of remove curse {unknown}
 l - 2 scrolls of teleportation {unknown}
Potions
 c - a potion of might {Str+5 DMG+1d10 | @q3}
 d - 3 potions of brilliance {Archmagi Int+5 Wiz++}
 o - a potion of magic {unknown}
Comestibles
 z - 5 rations


   Skills:
 + Level 4.2 Fighting
 + Level 3.5 Long Blades
 + Level 4.3 Dodging
 + Level 4.1 Stealth
 + Level 4.2 Shields


You had 5 spell levels left.
You didn't know any spells.
Your spell library was empty.

Dungeon Overview and Level Annotations

Branches:
Dungeon (4/15)
 Temple: D:4-7

Altars:
Fedhas
The Shining One


Innate Abilities, Weirdness & Mutations

You cannot wear most types of armour.
You are very stealthy in the water. (Stealth+)
You are amphibious.
You can wear up to eight rings at the same time.
You can use your tentacles to constrict eight enemies at once.
Your skin changes colour to match your surroundings (Stealth+).
Your rubbery body absorbs attacks. (AC +1, EV +1)


Message History

You take 4 damage, and have 21/43 hp.
Unknown command.
You are starving!
The phantom hits you.
You take 1 damage, and have 20/43 hp.
You closely miss the phantom.
The phantom is severely damaged.
The phantom hits you.
The phantom blinks!
You take 4 damage, and have 16/43 hp.
You hit the phantom.
The phantom is almost destroyed.
The phantom hits you!
* * * LOW HITPOINT WARNING * * *
You take 10 damage, and have 6/43 hp.
MASSIVE DAMAGE!!
Unknown command.
Unknown command.
You miss the phantom.
The phantom is almost destroyed.
The phantom hits you!
You die...

...####..##..###...#
...# .....#...........#
#..#
...............#.###..#
......###........#...#
.......######....)..#
.......# #..##..##
...##..# ##.##)..###
..####..#
#..##ยง....#### ...##
..# #..#.@........
##..# ...#
#...W....##....
###.##...#$.........#
##. #..##......###...##
.###..#.....# ###..#
........#..# #....
.......###. .....
####...# ....## .##.#
...#


You could see a phantom.

Vanquished Creatures
  Crazy Yiuf (D:2)
  A centaur skeleton (D:4)
  A hound (D:4)
  A bullfrog skeleton (D:4)
  Jessica (D:2)
  2 orc wizards (D:3)
  An iguana (D:4)
  Robin (D:3)
  3 gnolls (D:4)
  5 adders
  2 oozes
  2 worms
  2 dart slugs
  2 leopard geckos
  10 orcs (D:3)
  2 ball pythons (D:1)
  5 bats
  3 giant cockroaches
  14 goblins
  11 hobgoblins
  4 frilled lizards
  7 kobolds
  3 rats
84 creatures vanquished.

Notes
Turn   | Place    | Note
-------+----------+-------------------------------------------
     0 | D:1      | Redear the Octopode Fighter began the quest for the Orb.
     0 | D:1      | Reached XP level 1. HP: 16/16 MP: 1/1
   174 | D:1      | Reached XP level 2. HP: 21/21 MP: 2/2
   175 | D:1      | Reached skill level 1 in Stealth
   610 | D:1      | Reached XP level 3. HP: 24/26 MP: 3/3
   879 | D:2      | Found a glowing golden altar of the Shining One.
   913 | D:2      | Found a blossoming altar of Fedhas.
   939 | D:2      | Found a faded altar of an unknown god.
  1015 | D:2      | Reached skill level 2 in Stealth
  1026 | D:2      | Reached XP level 4. HP: 25/31 MP: 4/4
  1141 | D:2      | Noticed Jessica
  1152 | D:2      | Killed Jessica
  1285 | D:2      | Found a runed translucent door.
  1286 | D:2      | Noticed Crazy Yiuf
  1296 | D:2      | Killed Crazy Yiuf
  1296 | D:2      | Reached XP level 5. HP: 25/36 MP: 5/5
  1341 | D:3      | Reached skill level 3 in Long Blades
  1341 | D:3      | Reached skill level 3 in Stealth
  1421 | D:3      | Noticed Robin
  1437 | D:3      | Killed Robin
  1630 | D:3      | Reached XP level 6. HP: 43/43 MP: 6/6
  1646 | D:3      | Reached skill level 4 in Dodging
  2001 | D:4      | Reached skill level 4 in Fighting
  2001 | D:4      | Reached skill level 4 in Shields
  2273 | D:4      | Reached skill level 4 in Stealth
  2387 | D:4      | Noticed a phantom
  2425 | D:4      | Slain by a phantom

Levels and vault maps discovered:
D:1:      minmay_arrival_five_plusses, layout_basic, minmay_circled_x
D:2:      layout_rooms, tso_oasis_becter, chequers_ecumenical_altar_twisty,
          fedhas_altar_1, uniq_crazy_yiuf_cottage, uniq_jessica
D:3:      layout_loops_ring, first_ration, minmay_misc_feat_columns, uniq_robin
D:4:      layout_layer_cave, dancing_weapons_uskayaw, elyvilon_altar_3

Skill      XL: |  1  2  3  4  5  6 |
---------------+-------------------+-----
Stealth        | 1 2 3 4 |  4.1
Long Blades    | 3 |  3.5
Dodging        | 4 |  4.3
Fighting       | 4 |  4.2
Shields        | 4 |  4.2

Action                   |  1- 3 |  4- 6 || total
-------------------------+-------+-------++-------
Melee: Long sword        |    56 |   111 ||   167
       Tentacles         |    13 |    30 ||    43
       Constrict         |    20 |    30 ||    50
  Use: Potion            |       |     3 ||     3
 Stab: Sleeping          |     7 |     9 ||    16
  Eat: Chunk             |       |     3 ||     3
Armor: Skin              |     1 |     9 ||    10
Dodge: Dodged            |    43 |    88 ||   131
Block: Shield            |     1 |       ||     1
       Rpst.: Long sword |    10 |    26 ||    36

Table legend:
 A = Non-vault XP
 B = Vault XP
 C = Vault XP percentage of total XP
 D = Non-vault monster count
 E = Vault monster count
 F = Vault count percentage of total count
                 A         B        C        D         E       F
            +---------+---------+-------+---------+---------+-------
      Total |     462 |     124 |  21.2 |      67 |      17 |  20.2
            +---------+---------+-------+---------+---------+-------
        D:1 |      30 |       9 |  23.1 |      17 |       4 |  19.0
        D:2 |      46 |      81 |  63.8 |      12 |       2 |  14.3
        D:3 |     161 |      34 |  17.4 |      28 |      11 |  28.2
        D:4 |     225 |       0 |   0.0 |      10 |       0 |   0.0
            +---------+---------+-------+---------+---------+-------
